Workbook

Sheet Demande 
A1: DEMANDE DE SUBSIDES CERCLES ET KAP
A2: Nom du collectif
A3: Coordonnées Nom, adresse postale et NOMA du ou de la trésorier ou trésorière, seul·e habilité·e à introduire la demande de subside
A4: Email pour toute correspondance avec le collectif
A5: Numero et titulaire du compte bancaire
A6: Les questions ci-dessous concernent uniquement le subside pour une activité
A8: Object de la demande Le subside demandé concerne-t-il une activité ou du matériel (voir définitions ci-dessous avant de répondre)* ?
A9: Détail de l'activité/du matériel faisant l'objet de la demande de subside Nature du matériel, explication de la demande/de l'activité
A10: Quel est le but principal de cette activité et en quoi justifie-t-elle l'octroi d'un subside ?
A11: Lieu de l'activité
A12: Date de l'activité
A13: Quelle activité voulez-vous faire susbisdiées ? A quelle feuille excel faites vous références dans cette demande de subsides ?
A14: Quel est le public auquel elle s'adresse ?
A15: Combien de personnes sont touchées ? | B15: membres du collectifs : membres externes au collectif :
A16: Quelle publicité avez-vous fait pour informer la communauté étudiante ?
A17: Y-a-t-il une collaboration avec d'autres collectifs étudiants pour l'organisation de l'activité ? Le(s)quel(s) ?
A18: L'activité s'inscrit-elle dans une logique de développement durable, du respect de l'environnement ? Si oui, expliquez en quoi ?
A20: *on entend ici par "matériel" le matériel durable acheté par un collectif et subsidié par l'Université, qui reste donc propriété exclusive de l'Université

Sheet Exemple Activité
A1: Exemple Activité - Quadri 1 2026 - 08/10/26
A2: Entrées | C2: Sorties
A3: Places | C3: Nourriture
A4: Prix préventes | B4: =3*100 -> 300 | C4: Courses Colruyt | D4: -300
A5: Prix sur places | B5: =5*25 -> 125
A7: Bar | C7: Bar
A8: Vins | B8: =20*5 -> 100 | C8: Location salle | D8: -75
A9: Cocktails | B9: =30*10 -> 300 | C9: Vins | D9: -50
A10: Bière | B10: =100*2 -> 200 | C10: Cocktails | D10: -45
C11: Fûts | D11: -300
A12: Nourriture | C12: Lavage gobelets | D12: -50
A13: Vente chips | B13: =20*2 -> 40
C14: Matériel
C15: Couverts, nappes, décorations | D15: -35
C17: Paiement artistes/intervenant
C18: DJ | D18: -250
C20: Communication
C21: Affiches | D21: -50
C22: Photographe | D22: -50
C24: Autre
A26: Sous-total | B26: =SUM(B8:B11,B13:B25,B4:B5) -> 1065
A27: TOTAL | B27: =B26+D27 -> -140 | C27: Sous-total | D27: =SUM(D4,D8:D12,D15,D18,D21:D23) -> -1205
A29: Demande de subsides : | B29: 100

Sheet Conférence (1) 
A1: Conférence - XX/XX/XX
A2: Entrées | C2: Sorties
A3: Place préventes | B3: 0 | C3: Impressions | D3: 0
A4: Places sur place | B4: 0 | C4: Cadeaux invité·es | D4: 0
A5: Vente produits | B5: 0 | C5: Matériel | D5: 0
A6: Autre subsides | B6: 0 | C6: Courses | D6: 0
C7: Caution | D7: 0
A18: Sous-total | B18: =(B4*B3)+B5+B6 -> 0 | D18: =SUM(D3:D17) -> 0
A19: TOTAL | B19: =D18+B18 -> 0
A21: Remarques

Sheet (Activité (2)
A1: Activité xxxx (xx/xx/xx)
A2: Entrées | C2: Sorties
A3: Vente Bar | B3: 0 | C3: Caution place | D3: 0
A4: Vente nourriture | B4: 0 | C4: Location matériel | D4: 0
A5: Préventes | B5: 0 | C5: Achat boissons | D5: 0
A6: Ventes sur place | B6: 0 | C6: Achat autres consommable | D6: 0
A7: Sponsoring | B7: 0 | C7: Paiement artistes/intervenant | D7: 0
A8: Autres subsides | B8: 0 | C8: Prestatires externes | D8: 0
A9: Retour caution place | B9: 0 | C9: Location matériel | D9: 0
C10: Communication | D10: 0
C11: Photographe | D11: 0
C12: Autre | D12: 0
A19: Sous-total | B19: =SUM(B3:B18) -> 0 | D19: =SUM(D3:D18) -> 0
A20: TOTAL | B20: =D19+B19 -> 0
A22: Remarques

Sheet Activité (3)
A1: Activité xxxx (xx/xx/xx)
A2: Entrées | C2: Sorties
A3: Vente Bar | B3: 0 | C3: Caution place | D3: 0
A4: Vente nourriture | B4: 0 | C4: Location matériel | D4: 0
A5: Préventes | B5: 0 | C5: Achat boissons | D5: 0
A6: Ventes sur place | B6: 0 | C6: Achat autres consommable | D6: 0
A7: Sponsoring | B7: 0 | C7: Paiement artistes/intervenant | D7: 0
A8: Autre subsides | B8: 0 | C8: Prestatires externes | D8: 0
A9: Retour caution place | B9: 0 | C9: Location matériel | D9: 0
C10: Communication | D10: 0
C11: Photographe | D11: 0
C12: Autre | D12: 0
A19: Sous-total | B19: =SUM(B3:B18) -> 0 | D19: =SUM(D3:D18) -> 0
A20: TOTAL | B20: =D19+B19 -> 0
A22: Remarques

Sheet Activité (4)
A1: Activité xxxx (xx/xx/xx)
A2: Entrées | C2: Sorties
A3: Vente Bar | B3: 0 | C3: Caution place | D3: 0
A4: Vente nourriture | B4: 0 | C4: Location matériel | D4: 0
A5: Préventes | B5: 0 | C5: Achat boissons | D5: 0
A6: Ventes sur place | B6: 0 | C6: Achat autres consommable | D6: 0
A7: Sponsoring | B7: 0 | C7: Paiement artistes/intervenant·es | D7: 0
A8: Autre subsides | B8: 0 | C8: Prestatires externes | D8: 0
A9: Retour caution place | B9: 0 | C9: Location matériel | D9: 0
C10: Communication | D10: 0
C11: Photographe | D11: 0
C12: Autre | D12: 0
A19: Sous-total | B19: =SUM(B3:B18) -> 0 | D19: =SUM(D3:D18) -> 0
A20: TOTAL | B20: =D19+B19 -> 0
A22: Remarques

Sheet Bilan 
A1: Comptes globaux année XX - XX
A3: Recettes | D3: Dépenses
A4: Exemple activité | B4: ='Exemple Activité'!B26 -> 1065 | D4: Exemple Activité | E4: ='Exemple Activité'!D27 -> -1205
A6: Conférénce (1) | B6: ='Conférence (1) '!B18 -> 0 | D6: Conférence (1) | E6: ='Conférence (1) '!D18 -> 0
A8: Activité (2) | B8: ='(Activité (2)'!B19 -> 0 | D8: Activité (2) | E8: ='(Activité (2)'!D19 -> 0
A10: Activité (3) | B10: ='Activité (3)'!B19 -> 0 | D10: Activité (3) | E10: 0
A12: Activité (4) | D12: Activité (4) | E12: ='Activité (4)'!D19 -> 0
A14: Frais de fonctionnement | B14: =SUM(B15:B19) -> 0 | D14: Frais de fonctionnement | E14: =SUM(E15:E18) -> 0
D15: Ex : frais comptables
A20: TOTAL | B20: =B4+B6+B8+B10+B1+B14 -> 1065 | D20: TOTAL | E20: =E4+E6+E8+E10+E12+E14 -> -1205
A22: Différence | B22: =B20+E20 -> -140
A24: Solde de départ
A26: Total global | B26: =SUM(B22:B24) -> -140
A28: Demande de subsides | B28: 100
